Map: Prion Terraces

Players

Nuckzer

  • Race: Zerg Zerg
  • League: Diamond

turboD - Winner!

  • Race: Protoss Protoss
  • League: Master

VOD

Have the link to the VOD?

Description

Time

  • Played on: Feb. 10, 2016, 9:12 p.m.
  • Length: 21:51
Show
View Real Time Build Order
Export as new Build Order

Nuckzer Zerg 

Build Orders: Hatch First 

Get SALT Encoding   

  12  0:01  Drone  
  13  0:10  Drone  
  14  0:19  Overlord  
  14  0:31  Extractor, Drone  
  15  0:38  Drone x2  
  17  1:10  Drone, Hatchery  
  17  1:15  Spawning Pool  
  16  1:26  Drone x3  
  16  1:27  Extractor  
  18  1:38  Drone  
  19  1:52  Overlord  
  19  2:06  Zergling x2, Roach Warren  
  19  2:20  Drone  
  19  2:21  Drone  
  19  2:22  Queen  
  23  2:23  Drone  
  24  2:50  Roach x2  
  28  2:52  Roach x2  
  28  2:55  Roach x2  
  36  3:27  Overlord  
  36  3:28  Overlord x2  
  36  3:42  Overlord x2  
  36  3:45  Queen  
  38  3:49  Ravager x2  
  39  4:11  Drone x2  
  39  4:12  Drone x4  
  46  4:17  Ravager  
  46  4:24  Hatchery  
  42  4:53  Ravager  
  42  4:56  Drone  
  42  4:57  Drone x5  
  42  4:58  Extractor  
  42  4:59  Queen  
  50  5:31  Drone x5  
  50  5:32  Drone x4  
  50  5:34  Overlord x2  
  59  5:44  Queen  
  59  5:45  Drone x3  
  59  5:46  Metabolic Boost  
  64  5:54  Drone x2  
  66  6:02  Overlord x2  
  66  6:09  Lair  
  66  6:10  Evolution Chamber  
  66  6:11  Evolution Chamber  
  64  6:17  Drone x2  
  66  6:20  Extractor  
  66  6:21  Roach x4  
  66  6:22  Extractor, Roach x2  
  67  6:45  Queen  
  65  6:48  Roach  
  65  6:49  Zergling x22  
  78  7:01  Zerg Missile Weapons Level 1  
  78  7:03  Hatchery  
  78  7:04  Hatchery  
  76  7:12  Overseer  
  76  7:27  Glial Reconstitution  
  76  7:35  Drone x2  
  76  7:36  Drone x3  
  81  7:55  Zerg Ground Armor Level 1  
  81  7:56  Hydralisk Den  
  81  7:58  Zergling x20  
  82  7:59  Zergling x4  
  92  8:14  Extractor  
  92  8:15  Extractor, Drone x3  
  92  8:16  Drone x3  
  96  8:23  Drone x9  
  96  8:26  Extractor  
  104  8:27  Extractor  
  104  8:29  Infestation Pit  
  80  9:06  Pathogen Glands  
  80  9:07  Hydralisk  
  80  9:08  Hydralisk x8  
  98  9:11  Roach  
  100  9:21  Overseer  
  100  9:26  Lair  
  100  9:28  Spore Crawler  
  100  9:30  Spore Crawler  
  98  9:31  Spine Crawler, Spore Crawler  
  98  9:33  Spine Crawler  
  95  9:42  Hatchery  
  94  9:48  Infestor x4  
  102  10:10  Infestor x4  
  102  10:13  Roach  
  112  10:15  Overlord x5  
  112  10:21  Roach Warren  
  111  10:35  Evolution Chamber  
  107  10:36  Evolution Chamber  
  107  10:39  Hatchery  
  99  10:46  Drone x2  
  99  10:47  Drone x5  
  99  10:55  Drone x3  
  100  10:57  Drone x6  
  100  10:58  Drone x3  
  100  11:03  Zerg Missile Weapons Level 2, Zerg Ground Armor Level 2  
  108  11:04  Infestation Pit  
  107  11:37  Roach x7  
  107  11:38  Roach x9  
  139  11:41  Hydralisk Den  
  138  11:59  Hive  
  138  12:00  Drone x3  
  138  12:01  Drone x2  
  143  12:02  Drone  
  143  12:03  Drone x5  
  149  12:12  Drone  
  149  12:13  Spine Crawler, Drone  
  149  12:14  Spine Crawler  
  147  12:17  Hatchery  
  147  12:22  Pneumatized Carapace  
  146  12:27  Hatchery  
  146  12:44  Hatchery  
  146  12:49  Muscular Augments  
  145  12:55  Spine Crawler  
  145  12:57  Spine Crawler  
  141  13:03  Drone x3  
  141  13:04  Extractor, Drone  
  143  13:08  Hydralisk  
  143  13:09  Hydralisk x6  
  157  13:16  Drone  
  158  13:20  Overlord x4  
  158  13:29  Zerg Missile Weapons Level 3  
  158  13:30  Zerg Ground Armor Level 3  
  158  13:39  Overlord x2  
  158  13:41  Drone x3  
  161  13:42  Drone x3  
  161  13:44  Hydralisk x7  
  161  13:48  Ravager x2  
  180  13:50  Hydralisk  
  182  14:01  Queen  
  184  14:13  Ravager x3  
  184  14:14  Ravager x2  
  189  14:23  Ravager x2  
  191  14:26  Roach  
  191  14:27  Hydralisk  
  191  14:28  Hydralisk x2  
  199  14:50  Hatchery  
  198  14:56  Hatchery  
  158  15:08  Hydralisk  
  158  15:09  Hydralisk x15  
  87  15:54  Roach  
  87  15:55  Roach x14  
  87  15:56  Roach x3  
  121  16:10  Hydralisk x4  
  125  16:30  Lurker Den  
  125  16:37  Spire  
  124  16:40  Drone x4  
  128  16:52  Overseer  
  126  17:04  Hatchery  
  119  17:28  Ravager x4  
  119  17:29  Ravager x2  
  125  17:30  Ravager x4  
  125  17:31  Ravager x3  
  125  17:32  Hydralisk  
  125  17:33  Hydralisk x7  
  148  18:00  Ravager  
  148  18:04  Corruptor x3  
  148  18:05  Corruptor  
  154  18:29  Lurker x4  
  158  18:45  Extractor  
  158  18:47  Extractor  
  156  18:49  Hydralisk  
  156  18:50  Hydralisk x5  
  152  20:03  Overseer x3  
  88  20:19  Hydralisk  
  88  20:20  Hydralisk x9  
  83  20:29  Roach x2  
  83  20:30  Roach x12  
  94  21:05  Ravager x3  
  94  21:06  Ravager x5  
Show
View Real Time Build Order
Export as new Build Order

turboD Protoss - Winner!

Build Orders:  

Get SALT Encoding   

  12  0:01  Probe (Chrono Boost)  
  13  0:11  Probe (Chrono Boost)  
  14  0:21  Pylon  
  14  0:23  Probe (Chrono Boost)  
  15  0:39  Probe (Chrono Boost)  
  17  0:50  Probe (Chrono Boost)  
  17  0:55  Pylon  
  17  1:07  Nexus  
  17  1:19  Forge  
  17  1:22  Probe (Chrono Boost)  
  19  1:33  Probe (Chrono Boost)  
  19  1:37  Gateway  
  19  1:42  Assimilator  
  19  1:47  Pylon  
  19  1:50  Probe (Chrono Boost)  
  20  2:00  Photon Cannon  
  20  2:05  Probe (Chrono Boost)  
  20  2:06  Assimilator  
  21  2:16  Probe (Chrono Boost)  
  21  2:22  Probe (Chrono Boost)  
  23  2:24  Zealot  
  25  2:32  Cybernetics Core  
  25  2:34  Probe (Chrono Boost)  
  26  2:44  Gateway  
  26  2:48  Probe x2 (Chrono Boost)  
  28  2:58  Zealot (Chrono Boost), Probe (Chrono Boost)  
  31  3:01  Protoss Ground Weapons Level 1  
  31  3:04  Probe  
  32  3:15  Probe, Pylon  
  32  3:18  Probe  
  34  3:22  Assimilator  
  34  3:25  Assimilator  
  34  3:26  Probe  
  34  3:29  Warp Gate  
  34  3:30  Mothership Core  
  37  3:36  Probe  
  37  3:37  Pylon  
  37  3:41  Zealot (Chrono Boost)  
  40  3:47  Probe  
  40  3:51  Probe  
  41  3:57  Pylon  
  41  3:58  Probe  
  41  3:59  Photon Cannon  
  42  4:08  Pylon  
  42  4:11  Probe, Stalker (Chrono Boost)  
  42  4:13  Probe  
  46  4:25  Gateway  
  46  4:26  Gateway  
  42  4:46  Pylon  
  42  4:55  Pylon  
  42  4:56  Probe  
  42  4:57  Probe, Stalker (Chrono Boost)  
  46  5:04  Pylon  
  46  5:06  Probe  
  46  5:09  Robotics Facility  
  46  5:10  Probe  
  46  5:26  Pylon  
  46  5:33  Gateway  
  46  5:34  Gateway  
  46  5:38  Gateway, Stalker x3  
  46  5:40  Protoss Ground Armor Level 1  
  52  6:02  Stalker x2  
  52  6:03  Stalker  
  58  6:06  Probe, Warp Prism  
  58  6:07  Probe  
  62  6:19  Nexus  
  62  6:22  Pylon  
  60  6:46  Stalker  
  60  6:47  Stalker x2  
  62  6:48  Pylon  
  62  6:50  Immortal  
  68  6:58  Probe, Stalker x2  
  68  7:00  Probe  
  74  7:02  Twilight Council  
  74  7:09  Zealot, Probe  
  74  7:10  Zealot x2  
  74  7:12  Probe  
  81  7:17  Pylon  
  81  7:19  Probe  
  81  7:22  Photon Cannon  
  82  7:26  Gateway  
  82  7:29  Assimilator  
  86  7:30  Probe, Forge, Immortal  
  86  7:32  Probe  
  88  7:45  Charge  
  88  7:50  Dark Shrine  
  88  7:57  Photon Cannon  
  88  8:00  Pylon  
  88  8:02  Sentry x2  
  92  8:08  Zealot x2  
  98  8:16  Immortal  
  98  8:17  Protoss Ground Weapons Level 2  
  98  8:19  Protoss Ground Armor Level 2  
  100  8:23  Assimilator  
  100  8:27  Zealot  
  102  8:39  Zealot x3  
  108  9:02  Dark Templar x3  
  112  9:03  Dark Templar x2  
  112  9:04  Dark Templar  
  120  9:17  Zealot  
  104  9:45  Dark Templar x2  
  104  9:46  Dark Templar  
  110  9:56  Dark Templar  
  112  10:13  Dark Templar x2  
  116  10:15  Zealot x2  
  112  10:33  Nexus  
  112  10:36  Pylon  
  112  10:38  Pylon  
  108  10:59  Zealot  
  108  11:00  Stalker x5  
  120  11:05  Protoss Ground Armor Level 3 (Chrono Boost), Protoss Ground Weapons Level 3 (Chrono Boost)  
  120  11:07  Immortal  
  124  11:25  Pylon, Photon Cannon  
  124  11:29  Templar Archives  
  122  11:34  Probe  
  122  11:35  Probe  
  122  11:36  Probe  
  125  11:45  Probe  
  125  11:46  Gateway x2  
  126  11:50  Observer  
  126  11:53  Assimilator  
  127  11:54  Assimilator  
  127  11:55  Dark Templar  
  129  12:03  Zealot  
  131  12:11  Observer  
  131  12:15  High Templar x5  
  142  12:27  Photon Cannon  
  142  12:42  Archon x2  
  140  12:46  Dark Templar  
  142  12:52  Psionic Storm  
  142  12:56  Immortal  
  146  12:58  High Templar  
  146  12:59  High Templar x5  
  146  13:00  Zealot x2  
  160  13:17  Pylon  
  160  13:19  Pylon  
  160  13:20  Pylon, Archon x3  
  160  13:34  Warp Prism  
  160  13:38  Stalker  
  160  13:39  Stalker x5  
  174  14:00  Nexus  
  174  14:02  High Templar  
  176  14:03  High Templar x6, Pylon  
  176  14:04  High Templar  
  190  14:11  Protoss Shields Level 1 (Chrono Boost)  
  190  14:18  Pylon  
  190  14:20  Archon  
  190  14:21  Archon x3  
  190  14:38  Pylon  
  190  14:52  Zealot x5  
  196  14:53  Zealot  
  191  15:06  Zealot x3  
  142  15:16  Zealot x4  
  142  15:17  Zealot  
  142  15:18  Zealot  
  114  15:35  Zealot  
  114  15:36  Zealot x4  
  114  15:40  Zealot x3  
  114  15:41  Zealot  
  121  16:04  Dark Templar x4  
  121  16:10  Zealot x2  
  121  16:11  Zealot x3  
  121  16:12  Protoss Shields Level 2  
  119  16:26  Immortal  
  119  16:31  High Templar x3  
  119  16:32  High Templar x2  
  133  16:36  Zealot  
  133  16:37  Zealot x3  
  121  17:14  Dark Templar  
  121  17:16  Stalker x3  
  121  17:17  Stalker x5  
  121  17:20  Archon x2  
  135  17:23  Probe (Chrono Boost)  
  135  17:24  Probe x2 (Chrono Boost)  
  138  17:41  Nexus  
  138  17:52  High Templar x3  
  138  17:53  High Templar x5  
  138  17:55  Zealot  
  156  18:00  Assimilator  
  156  18:01  Assimilator  
  156  18:05  Pylon  
  156  18:17  Protoss Shields Level 3  
  156  18:28  Blink  
  158  18:40  Pylon  
  158  18:41  Pylon  
  154  18:43  Probe x2 (Chrono Boost)  
  154  18:44  Probe (Chrono Boost)  
  154  18:45  Probe (Chrono Boost)  
  158  18:51  Probe (Chrono Boost)  
  158  18:54  Probe x3 (Chrono Boost)  
  158  19:21  Observer  
  155  19:30  Dark Templar x5  
  155  19:31  Dark Templar x2  
  165  19:42  Observer  
  152  19:55  Zealot x2  
  152  20:04  Observer  
  132  20:11  Probe x3 (Chrono Boost)  
  132  20:12  Probe x2 (Chrono Boost)  
  131  20:16  Zealot x6  
  131  20:17  Zealot x3  
  145  20:25  Probe x4 (Chrono Boost)  
  149  20:34  Assimilator  
  149  20:38  Assimilator, Gateway  
  149  20:41  Gateway, Observer  
  150  20:43  Gateway  
  150  20:44  Gateway  
  150  20:46  Gateway  
  150  20:49  Gateway  
  150  20:51  Gateway  
  150  20:59  Stalker  
  150  21:00  Stalker x2  
  150  21:01  Stalker x5  
  150  21:02  Stalker  
  143  21:28  Zealot  
  143  21:29  Zealot x6  
  143  21:30  Zealot x2  
Tags
 
Add a new tag
Caveats
  • Supply blocks, unpowered buildings, or Contaminate may cause inaccurate times.
  • Supply counts are checked every 10 seconds.